 Dungeon Crawl Stone Soup version 0.29-a0-997-gf6f7e2dfe7 (webtiles) character file.

Game seed: 15244509253102346127

57593 RBrandon the Skirmisher (level 14, 0/101 HPs)
             Began as a Black Draconian Air Elementalist on Aug 4, 2022.
             Was a High Priest of Hepliaklqana.
             Engulfed by a cloud of flame (9 damage)
             ... in a volcano.
             The game lasted 00:44:46 (22892 turns).

RBrandon the Skirmisher (DrAE)                     Turns: 22892, Time: 00:44:46

Health: 0/101      AC: 15    Str: 12    XL:     14   Next: 46%
Magic:  14/20      EV: 17    Int: 21    God:    Hepliaklqana [*****.]
Gold:   105        SH:  5    Dex: 14    Spells: 3/19 levels left

rFire   . . .      SeeInvis +   a - +1 longbow (chaos)
rCold   . . .      Faith    .   (shield currently unavailable)
rNeg    . . .      Spirit   .   (body armour unavailable)
rPois   .          Reflect  +   C - +0 mask of the Dragon {Will+ Slay+3 SInv}
rElec   +          Harm     .   i - scarf {repulsion}
rCorr   +          Rampage  .   K - +4 pair of gloves "Veagocs" {*Slow rCorr Int+4}
Will    ++...                   l - +1 pair of boots
Stlth   ++........              j - amulet of reflection
HPRegen 0.26/turn               D - ring of wizardry
MPRegen 0.17/turn               (no ring)

@: short of breath, flying, repel missiles
A: reduced essence, breathe lightning, AC +8, unfitting armour, big wings,
electricity resistance, cold-blooded
a: Breathe Lightning, Renounce Religion, Recall Ancestor, Ancestor Identity,
Transference, Idealise


You were in a volcano.
You worshipped Hepliaklqana.
Hepliaklqana was extremely pleased with you.
You visited 3 branches of the dungeon, and saw 17 of its levels.
You also visited: Volcano.

You collected 1815 gold pieces.
You spent 1710 gold pieces at shops.

Inventory:

Hand Weapons
 a - a +1 longbow of chaos (weapon)
   (You found it on level 5 of the Lair of Beasts)
 w - a +5 vorpal shortbow
   (You bought it in a shop on level 8 of the Dungeon)
Missiles
 f - a throwing net
Armour
 d - a +0 cloak
 i - a scarf of repulsion (worn)
   (You bought it in a shop on level 2 of the Orcish Mines)
 l - a +1 pair of boots (worn)
 C - the +0 mask of the Dragon (worn) {Will+ Slay+3 SInv}
   (You found it on level 6 of the Dungeon)

   Slay:      It affects your accuracy & damage with ranged weapons and melee
   (+3).
   SInv:      It lets you see invisible.
   Will:      It increases your willpower.
 K - the +4 pair of gloves "Veagocs" (worn) {*Slow rCorr Int+4}
   (You acquired it on level 10 of the Dungeon)

   Int:       It affects your intelligence (+4).
   rCorr:     It protects you from acid and corrosion.
   *Slow:     It may slow you when you take damage.
Jewellery
 j - an amulet of reflection (around neck)
 m - an amulet of magic regeneration
 D - a ring of wizardry (left hand)
Wands
 t - a wand of mindburst (38)
 y - a wand of charming (13)
 L - a wand of roots (7)
Scrolls
 b - 8 scrolls of teleportation
 e - 3 scrolls of amnesia
 h - 3 scrolls of silence
 k - 3 scrolls of immolation
 q - 3 scrolls of fear
 x - 2 scrolls of identify
 z - 2 scrolls of blinking
 J - 2 scrolls of fog
Potions
 c - 5 potions of attraction
 g - 2 potions of resistance
 n - a potion of invisibility
 o - 3 potions of might
 p - a potion of mutation
 r - 2 potions of ambrosia
 s - a potion of heal wounds
 u - 3 potions of lignification
 v - 3 potions of cancellation
 A - 3 potions of flight
 B - 2 potions of haste
 E - 2 potions of curing
 F - 4 potions of degeneration
 H - 2 potions of brilliance
 N - 3 potions of magic
Miscellaneous
 G - a phantom mirror (inert)
 I - a tin of tremorstones (inert)
 M - a piece from Xom's chessboard (15/15)
 O - a phial of floods
 P - a condenser vane (inert)


   Skills:
 - Level 7.2 Fighting
 + Level 14.0 Ranged Weapons
 - Level 10.4 Dodging
 - Level 1.7 Stealth
 - Level 3.1 Spellcasting
 - Level 6.8 Conjurations
 - Level 6.0 Summonings
 - Level 13.0 Air Magic
 - Level 8.9 Invocations
 - Level 3.0 Evocations


You had 3 spell levels left.
You knew the following spells:

 Your Spells              Type           Power      Damage    Failure   Level
a - Shock                 Conj/Air       100%       1d9       1%          1
b - Static Discharge      Conj/Air       45%        3-9/arc   1%          2
c - Swiftness             Air            55%        N/A       1%          3
d - Airstrike             Air            27%        2d(4-20)  1%          4
e - Summon Lightning Spi  Summ/Air       43%        N/A       1%          4
f - Blink                 Tloc           6%         N/A       9%          2

Your spell library contained the following spells:

 Spells                   Type           Power      Damage    Failure   Level
 Foxfire                  Conj/Fire      68%        2x1d7     1%          1
 Conjure Flame            Conj/Fire      17%        6-21      4%          3
 Dazzling Flash           Conj/Hex       34%        N/A       4%          3
 Inner Flame              Hex/Fire       3%         N/A       16%         3
 Ozocubu's Armour         Ice            3%         N/A       16%         3
 Silence                  Hex/Air        15%        N/A       11%         5
 Flame Wave               Conj/Fire      17%        2d7       13%         4
 Conjure Ball Lightning   Conj/Air       22%        3x3d6     14%         6
 Animate Dead             Necr           3%         N/A       45%         4
 Cause Fear               Hex            1%         N/A       45%         4
 Agony                    Necr           3%         N/A       78%         5
 Borgnjor's Vile Clutch   Necr/Erth      1%         N/A       78%         5
 Manifold Assault         Tloc           3%         N/A       78%         5
 Maxwell's Capacitive Co  Air            27%        ∞         82%         8
 Storm Form               Tmut/Air       15%        N/A       95%         7
 Death Channel            Necr           1%         N/A       100%        6
 Ozocubu's Refrigeration  Ice            1%         4d7       100%        7
 Discord                  Hex            1%         N/A       100%        8
 Disjunction              Tloc           1%         N/A       100%        8


Dungeon Overview and Level Annotations

Branches:
Dungeon (10/15)            Temple (0/1) D:7            Lair (5/5) D:8
 Shoals (0/4) Lair:3       Spider (0/4) Lair:2        Slime (0/5) Lair:4
    Orc (2/2) D:9             Elf (0/3) Orc:2       Volcano (1/1)

Altars:
Ashenzari
Cheibriados
Elyvilon
Hepliaklqana
Kikubaaqudgha
Makhleb
Trog
Wu Jian
Xom
The Shining One

Shops:
D:8 (   Orc:1 *   Orc:2 [[

Annotations:
D:4 1 runed translucent door, Newt's ghost, amateur GrMo
Lair:5 exclusions: oklob plant and 2 more exclusions


Innate Abilities, Weirdness & Mutations

Your life essence is reduced to manifest your ancestor. (-10% HP)
You can breathe wild blasts of lightning.
Your glossy black scales are hard. (AC +8)
You cannot fit into any form of body armour.
Your large and strong wings let you fly.
You are resistant to electric shocks. (rElec)
You are cold-blooded and may be slowed by cold attacks.


Message History

Your lightning spire shoots out a bolt of lightning at the salamander!
The bolt of electricity misses the salamander.
You shoot an arrow.
The arrow closely misses the hell hound.
The arrow barely misses the salamander.
The hell hound closely misses you. The salamander misses you.
The hell hound closely misses you.
Your lightning spire shoots out a bolt of lightning at the salamander!
The bolt of electricity hits the salamander!
You shoot an arrow. The arrow hits the hell hound.
The hell hound is moderately wounded.
The air gets thick with the scent of sulphur.
You block the hell hound's attack.
The salamander hits you from afar with a +0 glaive!
* * * LOW HITPOINT WARNING * * *
You are engulfed in flames!
* * * LOW HITPOINT WARNING * * *
Your lightning spire shoots out a bolt of lightning at the salamander!
The bolt of electricity hits the salamander!!
Okay, then.
Activating: Breathe Lightning (1% risk of failure)
Press: ? - help, Dir - look around, f - activate You breathe a wild blast of lightning!
The orb of electricity explodes!
The orb of electricity engulfs the hell hound!!!
You kill the hell hound!
The orb of electricity engulfs you. You resist.
* * * LOW HITPOINT WARNING * * *
The orb of electricity engulfs the salamander!!!
You kill the salamander!
The orb of electricity engulfs your lightning spire.
Your lightning spire completely resists.
The orb of electricity explodes!
You hear a mighty clap of thunder!
You hear two shouts!
You hear a bark!
You hear two shouts!
Your Ranged Weapons skill increases to level 14!
Your lightning spire disappears in a puff of smoke!
In the distance, the volcano erupts with a roar.
You are engulfed in blazing flames.
* * * LOW HITPOINT WARNING * * *
You are engulfed in blazing flames.
You die...

§°○☼° #○○°° ####☼○○
### ##○##☼☼# [.##
#∩#○#○○# ..)#
#∩#○#○○# O.)# #
###@#○○## .N# .## ≈
##°○☼○##'##...#
≈≈≈≈##○.○○○○○.....
≈≈≈≈≈≈≈○☼○○○○○~....
≈≈≈≈≈≈≈°○○☼°○☼~~.~.
≈≈≈≈≈≈≈○○○○○☼°≈≈≈~~
≈≈≈≈≈≈≈°○≈○○○°≈≈≈≈≈
≈≈≈≈≈≈≈○°○○○○☼≈≈≈≈≈
≈≈≈≈≈≈≈○°°☼○○≈≈≈≈≈≈


There were no monsters in sight!

Vanquished Creatures
  An orc warlord (Orc:2)
  Snorg (Orc:2)
  A boulder beetle (Lair:4)
  2 hydras
  2 death yaks (Lair:3)
  A hell hog (Volcano)
  Urug (Orc:1)
  Nergalle (Orc:1)
  A salamander (Volcano)
  A wolf spider (Lair:5)
  An orc knight (Orc:2)
  6 black mambas
  A merfolk siren (Lair:3)
  4 elephants
  16 cane toads
  3 rime drakes
  A wind drake (shapeshifter) (D:9)
  3 trolls
  3 hornets
  10 blink frogs
  A dream sheep (Lair:3)
  8 spriggans (Lair:1)
  8 wyverns
  A fire bat (Volcano)
  20 yaks
  2 basilisks
  3 steam dragons
  A redback (Lair:2)
  2 wargs (Orc:2)
  A vampire mosquito (D:10)
  An acid dragon (D:10)
  2 hell hounds
  14 water moccasins
  16 orc warriors
  A swamp drake (Lair:5)
  An ice beast (D:5)
  A black bear (Lair:4)
  4 wolves
  4 centaurs
  5 ogres
  A kobold brigand (D:6)
  2 phantoms
  7 bullfrogs
  A scorpion (D:4)
  A wyvern zombie (D:7)
  4 wights
  2 electric eels
  2 howler monkeys
  A centaur zombie (D:7)
  5 hounds
  13 orc priests
  7 iguanas
  13 orc wizards
  7 gnolls
  11 adders
  2 shadow imps
  2 white imps
  A worm (D:2)
  2 dart slugs
  49 orcs
  7 bats
  10 endoplasms
  2 giant cockroaches (D:2)
  9 goblins
  9 hobgoblins
  4 jackals (D:2)
  16 kobolds
  3 quokkas
  6 ball pythons
  4 frilled lizards
  An orc zombie (Orc:2)
  A rat (D:2)
361 creatures vanquished.

Vanquished Creatures (collateral kills)
  An orc warlord (Orc:2)
  2 hydras
  Erolcha (D:10)
  3 two-headed ogres
  3 death yaks (Lair:3)
  A wolf spider (Lair:5)
  4 black mambas
  2 merfolk sirens (Lair:3)
  5 elephants
  A guardian serpent (Lair:5)
  6 cane toads
  A rime drake (Lair:5)
  A yaktaur (shapeshifter) (Lair:3)
  4 komodo dragons
  A merfolk (Lair:3)
  6 blink frogs
  4 dream sheep (Lair:3)
  2 wyverns (Lair:5)
  A shadow (D:10)
  2 spriggans (Lair:1)
  A basilisk (Lair:1)
  2 steam dragons
  23 yaks
  A redback (Lair:5)
  A vampire mosquito (D:10)
  A warg (Orc:2)
  A hell hound (Orc:2)
  3 water moccasins
  3 ice beasts
  8 orc warriors
  A black bear (shapeshifter) (Orc:1)
  A hornet zombie (D:7)
  A sky beast (D:8)
  An ogre (D:7)
  4 wolves
  3 centaurs
  A kobold brigand (D:8)
  2 bullfrogs
  A scorpion (D:6)
  6 wights
  3 howler monkeys
  A bullfrog zombie (D:7)
  A gnoll bouda (D:7)
  An orc priest (Orc:2)
  An iron imp (D:4)
  2 iguanas
  5 orc wizards
  2 killer bee zombies (D:7)
  5 gnolls
  3 adders (D:6)
  A shadow imp (D:6)
  A white imp (D:6)
  A worm (D:5)
  14 orcs
  10 goblins (D:6)
  2 hobgoblins (D:6)
  4 kobolds
173 creatures vanquished.

Vanquished Creatures (others)
  17 knights
  A gnoll (D:6)
  8 bushes
  33 fungi
  110 plants
169 creatures vanquished.

Grand Total: 703 creatures vanquished

Notes
Turn   | Place    | Note
-------+----------+-------------------------------------------
     0 | D:1      | RBrandon the Draconian Air Elementalist began the quest for
                  | the Orb.
     0 | D:1      | Reached XP level 1. HP: 14/14 MP: 3/3
   461 | D:1      | Reached XP level 2. HP: 20/20 MP: 2/5
  1063 | D:1      | Found a faded altar of an unknown god.
  1578 | D:2      | Reached XP level 3. HP: 25/26 MP: 7/7
  1773 | D:2      | Learned a level 2 spell: Static Discharge
  1777 | D:2      | Learned a level 3 spell: Swiftness
  2647 | D:3      | Reached XP level 4. HP: 33/33 MP: 4/8
  3074 | D:3      | Reached XP level 5. HP: 33/38 MP: 4/9
  3134 | D:3      | Found a hazy altar of Hepliaklqana.
  3134 | D:3      | Found a glowing golden altar of the Shining One.
  3142 | D:3      | Became a worshipper of Hepliaklqana the Forgotten
  3349 | D:3      | Found a bloodstained altar of Trog.
  3875 | D:4      | Reached XP level 6. HP: 42/45 MP: 2/10
  4108 | D:4      | Reached skill level 5 in Air Magic
  4197 | D:4      | Identified the +2 robe of the Arcane {Str+4 Int+3}
  4398 | D:4      | Reached * piety under Hepliaklqana
  4417 | D:4      | Found a snail-covered altar of Cheibriados.
  4558 | D:4      | Found a runed translucent door.
  4562 | D:4      | Noticed Newt's ghost (amateur GrMo)
  4727 | D:5      | Entered Level 5 of the Dungeon
  4904 | D:5      | Your scales start taking on a glossy black colour.
  4904 | D:5      | Reached XP level 7. HP: 39/45 MP: 4/11
  4904 | D:5      | Gained mutation: You are resistant to electric shocks.
                  | (rElec) [Black Draconian growth]
  5224 | D:5      | Learned a level 4 spell: Airstrike
  5365 | D:5      | Reached skill level 5 in Conjurations
  5444 | D:5      | Found a broken altar of Ashenzari.
  5448 | D:5      | Saw a vision of the Shoals and the Spider Nest.
  5448 | D:5      | Noticed a tarantella
  5448 | D:5      | Noticed a redback
  5448 | D:5      | Noticed an emperor scorpion
  5448 | D:5      | Noticed a steelbarb worm
  5448 | D:5      | Noticed a moth of wrath
  5448 | D:5      | Noticed a jumping spider
  5448 | D:5      | Noticed a manticore
  5448 | D:5      | Noticed a merfolk javelineer
  5448 | D:5      | Noticed a merfolk impaler
  5449 | D:5      | Noticed a demonic crawler
  5449 | D:5      | Noticed a culicivora
  5450 | D:5      | Noticed a sea snake
  5451 | D:5      | Noticed a wolf spider
  5452 | D:5      | Noticed a tarantella
  5463 | D:5      | Found an ancient bone altar of Kikubaaqudgha.
  5468 | D:5      | Reached ** piety under Hepliaklqana
  5469 | D:5      | Remembered your ancestor Khenut as a knight
  5648 | D:5      | Identified the +1 plate armour "Plog" {rN++ rCorr Str-4
                  | SInv}
  5712 | D:5      | Noticed a redback
  6424 | D:6      | Reached XP level 8. HP: 27/51 MP: 9/12
  6635 | D:6      | Found the +0 mask of the Dragon {Will+ Slay+3 SInv}
  6635 | D:6      | You fall into a shaft and drop 1 floor!
  6968 | D:6      | Found a burning altar of Makhleb.
  7054 | D:6      | Found Haida's Dragon-Slaying Spoils.
  7581 | D:7      | Reached skill level 5 in Fighting
  7744 | D:7      | Reached XP level 9. HP: 68/70 MP: 9/13
  7816 | D:7      | Reached *** piety under Hepliaklqana
  8117 | D:7      | Found a staircase to the Ecumenical Temple.
  8675 | D:8      | Reached skill level 5 in Dodging
  8700 | D:8      | Found Ohit's Antique Weapon Emporium.
  8718 | D:8      | Bought a glowing shortbow for 150 gold pieces
  8738 | D:8      | Reached skill level 1 in Ranged Weapons
  8808 | D:8      | Reached skill level 2 in Ranged Weapons
  8966 | D:8      | Noticed a troll
  8985 | D:8      | Killed a troll
  8986 | D:8      | Reached skill level 3 in Ranged Weapons
  9143 | D:8      | Noticed a two-headed ogre
  9150 | D:8      | Killed a two-headed ogre
  9151 | D:8      | Reached skill level 5 in Ranged Weapons
  9151 | D:8      | Reached XP level 10. HP: 60/77 MP: 1/14
  9271 | D:8      | Found a staircase to the Lair.
  9280 | D:8      | Learned a level 4 spell: Summon Lightning Spire
  9550 | D:8      | Reached skill level 1 in Summonings
  9723 | Lair:1   | Entered Level 1 of the Lair of Beasts
  9760 | Lair:1   | Noticed a cane toad
  9768 | Lair:1   | Killed a cane toad
  9952 | Lair:1   | Noticed a cane toad
  9953 | Lair:1   | Noticed a black mamba
  9958 | Lair:1   | Killed a cane toad
  9958 | Lair:1   | Noticed a cane toad
  9964 | Lair:1   | Killed a cane toad
  9965 | Lair:1   | Reached skill level 5 in Summonings
 10043 | Lair:1   | Killed a black mamba
 10124 | Lair:1   | Noticed a cane toad
 10130 | Lair:1   | Killed a cane toad
 10223 | Lair:1   | Reached **** piety under Hepliaklqana
 10261 | Lair:1   | Reached skill level 10 in Air Magic
 10283 | Lair:1   | Noticed a cane toad
 10287 | Lair:1   | Killed a cane toad
 10360 | Lair:1   | Noticed a cane toad
 10364 | Lair:1   | Reached XP level 11. HP: 82/82 MP: 15/15
 11087 | Lair:1   | Reached skill level 1 in Invocations
 11326 | Lair:1   | Learned a level 2 spell: Blink
 11701 | Lair:2   | Found a hole to the Spider Nest.
 12100 | Lair:2   | Reached skill level 5 in Invocations
 12920 | Lair:3   | Reached XP level 12. HP: 90/90 MP: 18/18
 12928 | Lair:3   | Noticed a death yak
 12931 | Lair:3   | Noticed a death yak
 12934 | Lair:3   | Noticed a death yak
 12937 | Lair:3   | Noticed a death yak
 12939 | Lair:3   | Killed a death yak
 12941 | Lair:3   | Noticed a death yak
 12978 | Lair:3   | Killed a death yak
 12998 | Lair:3   | Killed a death yak
 13270 | Lair:3   | You fall into a shaft and drop 1 floor!
 13501 | Lair:4   | Found a staircase to the Slime Pits.
 13533 | Lair:4   | Reached ***** piety under Hepliaklqana
 13723 | Lair:4   | Noticed a boulder beetle
 13746 | Lair:4   | Killed a boulder beetle
 14829 | Lair:5   | Entered Level 5 of the Lair of Beasts
 14846 | Lair:5   | Reached skill level 10 in Dodging
 15210 | Lair:4   | HP: 4/90 [poisoned by a black mamba]
 15593 | Lair:5   | Reached skill level 6 in Ranged Weapons
 15836 | Lair:5   | Noticed a five-headed hydra
 15877 | Lair:5   | Killed a five-headed hydra
 15888 | Lair:5   | Reached skill level 7 in Ranged Weapons
 15891 | Lair:5   | Reached XP level 13. HP: 74/94 MP: 16/19
 16008 | Lair:5   | Reached skill level 8 in Ranged Weapons
 16469 | Lair:5   | Reached skill level 9 in Ranged Weapons
 16548 | Lair:5   | Noticed a fire dragon
 16894 | Lair:5   | Found a shimmering altar of Xom.
 17475 | Lair:5   | Reached skill level 10 in Ranged Weapons
 18543 | Lair:5   | Reached skill level 11 in Ranged Weapons
 19361 | Lair:3   | Reached skill level 12 in Ranged Weapons
 19602 | Lair:3   | Found a staircase to the Shoals.
 19861 | Lair:3   | Gained mutation: Your large and strong wings let you fly.
                  | [Black Draconian growth]
 19861 | Lair:3   | Reached XP level 14. HP: 101/101 MP: 20/20
 20102 | D:9      | Found a staircase to the Orcish Mines.
 20633 | D:10     | Entered Level 10 of the Dungeon
 20887 | D:10     | Found an ornate altar of the Wu Jian Council.
 21007 | D:10     | Noticed Erolcha
 21014 | D:10     | Killed Erolcha
 21038 | D:10     | Found a white marble altar of Elyvilon.
 21191 | D:10     | Identified a scroll of acquirement
 21197 | D:10     | Acquired the +4 pair of gloves "Veagocs" {*Slow rCorr
                  | Int+4}
 21271 | Orc:1    | Entered Level 1 of the Orcish Mines
 21592 | Orc:1    | Reached skill level 13 in Ranged Weapons
 21624 | Orc:1    | Found Ygale's Gadget Gallery.
 21629 | Orc:1    | Bought a tin of tremorstones (2/2) for 440 gold pieces
 21629 | Orc:1    | Bought a phial of floods for 440 gold pieces
 21629 | Orc:1    | Bought a condenser vane for 440 gold pieces
 21657 | Orc:1    | Noticed Urug
 21668 | Orc:1    | Killed Urug
 21669 | Orc:1    | Reached skill level 1 in Evocations
 21710 | Orc:1    | Noticed Nergalle
 21721 | Orc:1    | Killed Nergalle
 22083 | Orc:2    | Entered Level 2 of the Orcish Mines
 22083 | Orc:2    | Found Qibeopet's Antique Armour Shop.
 22084 | Orc:2    | Found Kipamal's Antique Armour Shop.
 22093 | Orc:2    | Bought an embroidered scarf for 240 gold pieces
 22171 | Orc:2    | Noticed an orc warlord
 22359 | Orc:2    | Found a staircase to the Elven Halls.
 22434 | Orc:2    | Killed an orc warlord
 22467 | Orc:2    | Noticed Snorg
 22478 | Orc:2    | Killed Snorg
 22500 | Orc:2    | Noticed an orc warlord
 22682 | Orc:2    | Killed an orc warlord
 22705 | Orc:2    | Found a dark tunnel.
 22711 | Volcano  | Entered a volcano
 22890 | Volcano  | Reached skill level 14 in Ranged Weapons
 22892 | Volcano  | Engulfed by a cloud of flame

Illustrated notes

Levels and vault maps discovered:
D:1:      scummos_arrival_simple_fountains, layout_basic,
          dilly_ecumenical_altar_fadedgnrine, corexii_item_surrounded_by_moat
D:2:      layout_loops_corners, hangedman_abyss_or_decor_stabs,
          kennysheep_generic_room_6
D:3:      layout_rooms, general_overflow_altar, gammafunk_temple_overflow_wave
D:4:      layout_basic, slow_altar_2, ebering_ghost_inner_flame, minmay_bisected
D:5:      layout_basic, lemuel_crystal_altar, grunt_ashenzari_visionary
          [grunt_ashenzari_visionary_shoals, grunt_ashenzari_visionary_spider],
          hangedman_glass_teeth
D:6:      corexii_shantytown, layout_basic, mainiacjoe_overflow_catwalk,
          nicolae_shop_dragon_depot, minmay_fractal_squares_gapless_5
D:7:      layout_basic, minmay_temple_entry_tees, serial_undead,
          serial_undead_a, serial_undead_a, serial_undead_b, serial_undead_a,
          minmay_door_square
D:8:      layout_basic, dpeg_oklobed_lair, serial_shops, shop,
          dreamdust_wishing_well, palyth_stone_intersect,
          minmay_chambers_of_fives
D:9:      layout_rooms, orc_0_dummy
D:10:     nicolae_cairo_tiling, layout_rooms, mainiacjoe_overflow_brackets,
          mainiacjoe_overflow_24_doors, uniq_erolcha
Lair:1:   kb_forest_paths, layout_big_grid, grunt_megastairs_3,
          serial_bayou_shore_b
Lair:2:   layout_hall_layers, spider_nest_entry_webs, serial_bayou_shore_a
Lair:3:   layout_chaotic_city, elwin_shoals_entry_stream, serial_bayou_shore_b
Lair:4:   layout_cave_pods, slime_entry_1, lemuel_fruit_fields
Lair:5:   guppyfry_lair_end_dragon, layout_gridlike,
          hangedman_lair_tendril_chambers, minmay_lair_oklob_bushes,
          lemuel_centaur_altar, infiniplex_staircase_pool
Orc:1:    layout_caves, basic_altar, nicolae_shop_gadgets, uniq_nergalle,
          uniq_urug
Orc:2:    st_orc_elflike, layout_caves, serial_shops,
          nicolae_shop_overgrown_old_shop, nicolae_shop_statue_plus,
          nicolae_shop_behind_doors, enter_volcano_3, uniq_snorg
Volcano:  volcano_village

Skill      XL: |  1  2  3  4  5  6  7  8  9 10 11 12 13 14 |
---------------+-------------------------------------------+-----
Spellcasting   | 3 |  3.1
Conjurations   | 2 3 4 6 |  6.8
Air Magic      | 4 6 8 11 13 | 13.0
Fighting       | 6 7 |  7.2
Dodging        | 5 10 | 10.4
Ranged Weapons | 5 7 12 14 | 14.0
Summonings     | 6 |  6.0
Invocations    | 8 |  8.9
Evocations     | 3 |  3.0
Stealth        | |  1.7

Action                   |  1- 3 |  4- 6 |  7- 9 | 10-12 | 13-15 || total
-------------------------+-------+-------+-------+-------+-------++-------
Melee: Unarmed           |     9 |       |       |       |       ||     9
       Tailslap          |     5 |     8 |     2 |       |       ||    15
       Short sword       |     8 |     7 |       |       |       ||    15
       Dagger            |       |    40 |    41 |       |       ||    81
 Fire: Sling             |       |       |   130 |       |       ||   130
       Shortbow          |       |       |    33 |   373 |    25 ||   431
       Longbow           |       |       |       |       |   531 ||   531
 Cast: Shock             |    55 |    63 |       |       |       ||   118
       Static Discharge  |     5 |    28 |    37 |    49 |    34 ||   153
       Airstrike         |       |       |     5 |       |    15 ||    20
       Summon Lightning  |       |       |       |    11 |     7 ||    18
       Swiftness         |       |       |       |     2 |     2 ||     4
Invok: Ancestor Life: Kn |       |       |     1 |       |       ||     1
       Recall Ancestor   |       |       |     2 |     1 |     4 ||     7
       Idealise          |       |       |       |       |     6 ||     6
       Transference      |       |       |       |       |     1 ||     1
 Abil: Breathe Lightning |       |       |     2 |     2 |     2 ||     6
Evoke: Phantom mirror    |       |       |       |     1 |     2 ||     3
       Wand              |       |       |       |       |     6 ||     6
       Tin of tremorston |       |       |       |       |     2 ||     2
       Condenser vane    |       |       |       |       |     1 ||     1
  Use: Potion            |       |       |     3 |     3 |     6 ||    12
       Scroll            |       |       |    20 |     2 |    14 ||    36
 Stab: Sleeping          |     1 |       |       |       |       ||     1
Armor: Skin              |    16 |    23 |    31 |    39 |    37 ||   146
Dodge: Dodged            |    25 |    46 |    88 |    94 |   130 ||   383
Block: Other             |       |    14 |    34 |    38 |    28 ||   114
       Reflection        |       |       |     4 |     1 |     2 ||     7

Table legend: (Time is in decaauts)
 A = Elapsed time spent in this place.
 B = Non-inter-level travel time spent in this place.
 C = Inter-level travel time spent in this place.
 D = Time resting spent in this place.
 E = Time spent auto-exploring this place.
 F = Levels seen in this place.
 G = Mean time per level.
                   A        B        C        D        E       F      G
               +--------+--------+--------+--------+--------+-----+--------+
         Total |  23124 |  22492 |    632 |   5191 |  13770 |  18 | 1284.7 |
       Dungeon |  10994 |  10666 |    328 |    965 |   8131 |  10 | 1099.4 |
          Lair |  10496 |  10219 |    277 |   3842 |   4914 |   5 | 2099.2 |
  Orcish Mines |   1452 |   1426 |     26 |    241 |    725 |   2 |  726.0 |
       Volcano |    180 |    180 |      0 |    143 |      0 |   1 |  180.0 |
               +--------+--------+--------+--------+--------+-----+--------+

Top non-repeatable levels by time:
  Lair:5: 3159 daAuts
  Lair:4: 2793 daAuts
  Lair:3: 1828 daAuts
     D:6: 1822 daAuts
  Lair:1: 1685 daAuts
     D:2: 1364 daAuts
     D:1: 1274 daAuts
     D:8: 1165 daAuts
     D:5: 1161 daAuts
     D:4: 1085 daAuts
  Lair:2: 1029 daAuts
     D:3: 1002 daAuts
   Orc:1: 987 daAuts
     D:7: 944 daAuts
    D:10: 600 daAuts

Table legend:
 A = Kills in this place as a percentage of kills in entire the game.
 B = Kills by you in this place as a percentage of kills by you in the entire game.
 C = Kills by friends in this place as a percentage of kills by friends in the entire game.
 D = Other kills in this place as a percentage of other kills in the entire game.
 E = Experience gained in this place as a percentage of experience gained in the entire game.
 F = Experience gained in this place divided by the number of levels of this place that you have seen.
                   A       B       C       D       E      F
               +-------+-------+-------+-------+-------+----------------------
         Total | 100.0 | 100.0 | 100.0 | 100.0 | 100.0 | 4570.9
       Dungeon |  46.8 |  49.2 |  41.6 | 100.0 |  12.6 | 1036.2
          Lair |  37.1 |  33.3 |  45.1 |   0.0 |  70.3 | 11575.0
  Orcish Mines |  15.0 |  16.4 |  12.1 |   0.0 |  12.9 | 5321.0
       Volcano |   1.1 |   1.1 |   1.2 |   0.0 |   4.1 | 3397.0
               +-------+-------+-------+-------+-------+----------------------
